 Dungeon Crawl Stone Soup version 0.27-a0-1065-ge809cff456 (webtiles) character file.

Game seed: 2581483762266829615

623314 LordDeathwing the Metallomancer (level 27, -76/158 HPs)
             Began as a Gargoyle Earth Elementalist on Apr 21, 2021.
             Was the Champion of Vehumet.
             Killed from afar by an orb of fire (79 damage)
             ... with a fireball
             ... on level 5 of the Realm of Zot on Apr 23, 2021.
             The game lasted 13:02:52 (70623 turns).

LordDeathwing the Metallomancer (GrEE)             Turns: 70623, Time: 13:02:52

Health: -76/158    AC: 64    Str: 29    XL:     27
Magic:  20/53      EV: 10    Int: 28    God:    Vehumet [******]
Gold:   1501       SH: 16    Dex:  8    Spells: 4/61 levels left

rFire    . . .     SeeInvis .   e - staff of earth
rCold    + + .     Faith    .   R - +3 kite shield {reflect}
rNeg     + + .     Spirit   .   N - +10 ice dragon scales of Ogiemone {-Tele rPois rF- rC++ Will+++ rCorr}
rPois    ∞         Reflect  +   g - +2 helmet {Int+3}
rElec    +         Harm     .   Z - +4 cloak of the Doldrums {*Slow rN+ Stlth+}
rCorr    +         Rampage  .   D - +1 pair of gloves of Marbles {rElec Regen+ Dex-2}
Will     +++++     Rnd*Rage +   Y - +1 pair of boots "Egubour" {Str+9} Stlth +++.......NoTele +
                                l - amulet of magic regeneration
HPRegen  1.36/turn              v - ring of protection from fire
MPRegen  0.58/turn              X - ring of magical power

@: marked, flying, very slightly contaminated, hasted, studying Short Blades,
very quick
A: AC +20, big wings, negative energy resistance 1, electricity resistance,
torment resistance 1, unbreathing 1, petrification resistance, iridescent scales
2, berserk 2, robust 1, strong 2, MP-powered wands
}: 3/15 runes: decaying, serpentine, silver
a: Renounce Religion


You were on level 5 of the Realm of Zot.
You worshipped Vehumet.
Vehumet was exalted by your worship.
You visited 10 branches of the dungeon, and saw 49 of its levels.
You visited the Abyss 1 time.
You visited 2 bazaars.
You also visited: Gauntlet and Ice Cave.

You collected 9721 gold pieces.
You spent 8220 gold pieces at shops.

Inventory:

Hand Weapons
 t - the +7 short sword of Wootu {vamp, rF+ Int+3}
   (You bought it in a shop in a bazaar)

   It inflicts no extra harm, but heals its wielder when it wounds a living foe.
   It affects your intelligence (+3).
   It protects you from fire.
 x - the +8 long sword "Fuol" {vorpal, rPois rCorr Int+2}
   (You found it on level 6 of the Dungeon)

   It inflicts extra damage upon your enemies.
   It affects your intelligence (+2).
   It protects you from poison.
   It protects you from acid and corrosion.
 L - the +5 dagger of Sunkan {venom, rF+ rC+}
   (You bought it in a shop on level 5 of the Vaults)

   It poisons the flesh of those it strikes.
   It protects you from fire.
   It protects you from cold.
 P - the +4 dagger "Noqavyet" {speed, rN+ Str+8 Stlth-}
   (You found it on level 2 of the Elven Halls)

   Attacks with this weapon are significantly faster.
   It affects your strength (+8).
   It protects you from negative energy.
   It makes you less stealthy.
Armour
 g - a +2 helmet of intelligence (worn)
 h - the +2 cloak of the Thief {*Fog Slay-2 SInv Stlth+}
   (You bought it in a shop on level 3 of the Vaults)

   It affects your accuracy and damage with ranged weapons and melee attacks
   (-2).
   It lets you see invisible.
   It makes you more stealthy.
 D - the +1 pair of gloves of Marbles (worn) {rElec Regen+ Dex-2}
   (You found it on level 4 of the Dungeon)

   It affects your dexterity (-2).
   It insulates you from electricity.
   It increases your rate of health regeneration.
 K - +4 fire dragon scales {Xtahua}
 M - the +2 scale mail of Duty {rC+ Will++ Dex+3}
   (You bought it in a shop on level 3 of the Vaults)

   It affects your dexterity (+3).
   It protects you from cold.
   It greatly increases your willpower.
 N - the +10 ice dragon scales of Ogiemone (worn) {-Tele rPois rF- rC++ Will+++ rCorr}
   (You found it on level 5 of the Vaults)

   It makes you vulnerable to fire.
   It greatly protects you from cold.
   It protects you from poison.
   It prevents most forms of teleportation.
   It protects you from acid and corrosion.
   It greatly increases your willpower.
 Q - the +4 dragonskin cloak
   (You took it off Tiamat on level 4 of the Realm of Zot)
 R - a +3 kite shield of reflection (worn)
 Y - the +1 pair of boots "Egubour" (worn) {Str+9}
   (You found it in an ice cave)

   It affects your strength (+9).
 Z - the +4 cloak of the Doldrums (worn) {*Slow rN+ Stlth+}
   (You found it in a Gauntlet)

   It protects you from negative energy.
   It may slow you when you take damage.
   It makes you more stealthy.
Magical Staves
 c - a staff of cold
 e - a staff of earth (weapon)
 f - a staff of fire
 s - a staff of conjuration
Jewellery
 d - a ring of protection from cold
 l - an amulet of magic regeneration (around neck)
 m - a +4 ring of slaying
 p - the ring of Bur Wuef {Wiz *Corrode rPois rN+++ Str-3}
   (You acquired it on level 3 of the Depths)

   [ring of wizardry]

   It improves your spell success rate.
   It affects your strength (-3).
   It protects you from poison.
   It renders you almost immune to negative energy.
   It may corrode you when you take damage.
 q - a ring of fire
 v - a ring of protection from fire (left hand)
 w - a +6 ring of intelligence
 y - a ring of ice
 E - a +4 ring of evasion
 X - a ring of magical power (right hand)
Scrolls
 b - 13 scrolls of magic mapping
 k - 24 scrolls of teleportation
 n - 4 scrolls of amnesia
 o - 2 scrolls of holy word
 V - 6 scrolls of blinking
 W - a scroll of brand weapon
Potions
 i - 10 potions of haste
 j - 7 potions of resistance
 r - 9 potions of cancellation
 A - 9 potions of might
 B - 10 potions of heal wounds
 F - 3 potions of magic
 G - 6 potions of brilliance
 H - a potion of invisibility
 O - 26 potions of curing
Miscellaneous
 a - a lightning rod (4/4)
 C - a box of beasts
 J - a phial of floods
 S - a phantom mirror (inert)
 U - a condenser vane


   Skills:
 - Level 7.0 Fighting
 + Level 2.0(5.4) Short Blades
 - Level 8.0(8.1) Long Blades
 - Level 1.0(1.2) Maces & Flails
 - Level 1.0(1.2) Staves
 - Level 0.1 Throwing
 - Level 14.0 Armour
 - Level 2.0 Dodging
 - Level 8.0 Stealth
 - Level 12.0 Shields
 * Level 17.8 Spellcasting
 * Level 22.1 Conjurations
 - Level 7.0 Transmutations
 * Level 21.0 Fire Magic
 + Level 15.8 Ice Magic
 + Level 23.0 Earth Magic
 + Level 8.3 Evocations


You had 4 spell levels left.
You knew the following spells:

 Your Spells              Type           Power      Damage    Failure   Level
a - Fire Storm            Conj/Fire      49%        8d12      19%         9
d - Lee's Rapid Deconstr  Erth           62%        3d29*     0%          5
i - Irradiate             Conj/Tmut      41%        3d27      1%          5
m - Bolt of Magma         Conj/Fire/Erth 61%        4d24      0%          5
o - Ozocubu's Refrigerat  Ice            42%        4d13      1%          7
p - Passwall              Tmut/Erth      86%        N/A       0%          2
s - Lehudib's Crystal Sp  Conj/Erth      61%        10d14     1%          8
O - Orb of Destruction    Conj           49%        9d15      1%          7
S - Shatter               Erth           62%        3d46*     11%         9

Your spell library contained the following spells:

 Spells                   Type           Power      Damage    Failure   Level
 Chain Lightning          Conj/Air       36%        N/A       63%         8
 Foxfire                  Conj/Fire      100%       2x1d9     0%          1
 Freeze                   Ice            100%       1d11      0%          1
 Magic Dart               Conj           100%       1d8       0%          1
 Sandblast                Erth           100%       2d20      0%          1
 Searing Ray              Conj           100%       3d7       0%          2
 Conjure Flame            Conj/Fire      98%        6-21      0%          3
 Frozen Ramparts          Ice            100%       1d12      0%          3
 Stone Arrow              Conj/Erth      100%       3d13      0%          3
 Hailstorm                Conj/Ice       92%        3d18      0%          4
 Sticky Flame             Conj/Fire      98%        2d11      0%          4
 Beastly Appendage        Tmut           100%       N/A       1%          1
 Shock                    Conj/Air       100%       1d9       1%          1
 Sting                    Tmut/Pois      100%       1d8       1%          1
 Static Discharge         Conj/Air       72%        N/A       1%          2
 Wereblood                Tmut           59%        N/A       1%          2
 Dazzling Flash           Conj/Hex       100%       N/A       1%          3
 Ignite Poison            Fire/Tmut/Pois 67%        N/A       1%          3
 Inner Flame              Hex/Fire       71%        N/A       1%          3
 Mephitic Cloud           Conj/Pois/Air  60%        N/A       1%          3
 Ozocubu's Armour         Ice            85%        N/A       1%          3
 Animate Armour           Summ/Erth      100%       N/A       1%          4
 Fulminant Prism          Conj/Hex       36%        3d18      1%          4
 Ice Form                 Ice/Tmut       73%        N/A       1%          4
 Iskenderun's Mystic Bla  Conj/Tloc      72%        2d15      1%          4
 Leda's Liquefaction      Hex/Erth       47%        N/A       1%          4
 Petrify                  Tmut/Erth      100%       N/A       1%          4
 Summon Ice Beast         Ice/Summ       62%        N/A       1%          4
 Poisonous Vapours        Pois/Air       50%        N/A       2%          2
 Spider Form              Tmut/Pois      22%        N/A       3%          3
 Animate Skeleton         Necr           50%        N/A       5%          1
 Apportation              Tloc           50%        N/A       5%          1
 Corona                   Hex            27%        N/A       5%          1
 Summon Small Mammal      Summ           100%       N/A       5%          1
 Corpse Rot               Necr/Air       N/A        N/A       8%          2
 Slow                     Hex            25%        N/A       8%          2
 Airstrike                Air            12%        N/A       13%         4
 Olgreb's Toxic Radiance  Pois           25%        N/A       13%         4
 Confusing Touch          Hex            25%        N/A       16%         3
 Gell's Gravitas          Tloc           12%        N/A       16%         3
 Portal Projectile        Hex/Tloc       50%        N/A       16%         3
 Swiftness                Air            25%        N/A       16%         3
 Cause Fear               Hex            12%        N/A       45%         4
 Dispel Undead            Necr           25%        3d12      45%         4
 Fireball                 Conj/Fire      49%        3d19      0%          5
 Iskenderun's Battlesphe  Conj           99%        2d15      0%          5
 Borgnjor's Vile Clutch   Necr/Erth      47%        N/A       1%          5
 Lightning Bolt           Conj/Air       36%        1d54      1%          5
 Freezing Cloud           Conj/Ice/Air   38%        6-21      1%          6
 Iron Shot                Conj/Erth      61%        9d11      1%          6
 Metabolic Englaciation   Hex/Ice        31%        N/A       5%          5
 Hydra Form               Tmut           29%        N/A       9%          5
 Yara's Violent Unravell  Hex/Tmut       22%        3d10      10%         5
 Spellforged Servitor     Conj/Summ      36%        N/A       13%         7
 Simulacrum               Ice/Necr       31%        N/A       30%         6
 Alistair's Intoxication  Tmut/Pois      29%        N/A       34%         5
 Eringya's Noxious Bog    Tmut/Pois      22%        N/A       41%         6
 Agony                    Necr           25%        N/A       82%         5
 Excruciating Wounds      Necr           12%        N/A       82%         5
 Silence                  Hex/Air        12%        N/A       82%         5
 Discord                  Hex            12%        N/A       100%        8
 Sublimation of Blood     Necr           Unusable   N/A       N/A         2
 Statue Form              Tmut/Erth      Unusable   N/A       N/A         6

Dungeon Overview and Level Annotations

Branches:
Dungeon (15/15)            Temple (1/1) D:6            Lair (6/6) D:9
  Swamp (4/4) Lair:2        Snake (4/4) Lair:2        Slime (0/5) Lair:5
    Orc (2/2) D:12            Elf (2/3) Orc:2        Vaults (5/5) D:13
  Crypt (0/3) Vaults:2     Depths (5/5) D:15            Zot (5/5) Depths:5
  IceCv (visited)         Gauntlet (visited)

Altars:
Ashenzari
Cheibriados
Dithmenos
Elyvilon
Fedhas
Gozag
Hepliaklqana
Kikubaaqudgha
Makhleb
Nemelex Xobeh
Okawaru
Qazlal
Ru
Sif Muna
Trog
Uskayaw
Vehumet
Wu Jian
Xom
Yredelemnul
Zin
The Shining One
Beogh
Lugonu

Shops:
D:8 :   Orc:2 *[[[(   Elf:1 :   Elf:2 [*   Snake:3 :   Vaults:2 :   Vaults:3 [
Vaults:5 *   Depths:1 *??[!   Depths:3 (

Portals:
Hell: Depths:1 Depths:2 Depths:3 Depths:4 Depths:5
Abyss: Depths:3 Depths:4 Depths:5
Pandemonium: Depths:1 Depths:3 Depths:4
Ziggurat: Depths:2

Annotations:
Elf:2 3 runed translucent doors
Zot:5 2 transporters


Innate Abilities, Weirdness & Mutations

Your stone body is resilient. (AC +20)
You are immune to poison.
Your large and strong wings let you fly.
You resist negative energy. (rN+)
You are resistant to electric shocks. (rElec)
You are resistant to unholy torment.
You can survive without breathing.
You are immune to petrification.
You are mostly covered in iridescent scales. (AC +4)
You often lose your temper in combat.
You are robust. (+10% HP)
Your muscles are very strong. (Str +4)
You expend magic power (3 MP) to strengthen your wands.


Message History

Casting: Shatter (dangerous; 11% risk of failure)
Confirm with . or Enter, or press ? or * to list all spells.
You feel a surge of power!
The dungeon rumbles!
The orb of fire is lightly damaged. x2
You kill the Orb Guardian!
Vehumet accepts your kill.
You feel your power returning.
The electric golem is moderately damaged.
The orb of fire is moderately damaged.
The Killer Klown is almost dead.
The death cob is severely damaged.
The Orb Guardian is almost dead. x2
The orb of fire is lightly damaged.
Vehumet accepts your kill.
You feel your power returning.
Reactivating autopickup.
You feel a bit more experienced.
Ka-crash!
A death cob comes into view.
The orb of fire glows deep purple.
The bolt of fire hits the orb of fire.
The orb of fire completely resists.
The bolt of fire hits you!!!
* * * LOW HITPOINT WARNING * * *
The orb of fire glows deep purple.
The bolt of fire hits you!
* * * LOW HITPOINT WARNING * * *
Your base Short Blades skill increases to level 2!
Press: ? - help, v - describe, . - travel
Here: an orb of fire The floor.
Aiming: Phantom Mirror
Press: ? - help, Dir - move target, f - orb of fire
Aim: an orb of fire You reflect the orb of fire with the mirror!
The mirror clouds!
The orb of fire glows red.
The fireball explodes!
The fireball engulfs you!!!!
Ouch! That really hurt!
You die...

########...###.#####...# ##
...##.......##..# .# #
#..#8....#..8#..## .###### #.
...#/.....#..#...# .#....#
.##..#.........#...# ......#
##...©#.[..©....#©..# .#....#
#..........=....#..## .####.#
#............#..#.## .#
#.#######...@.#8..#.#..8#.# .#
#............*##......©##.# .#
#...........**.#########..#
.####............z...........##
......########.........#######
####### ####X#X**########
#......X8pX.....#
#.......*.D.....#
#....*......^.#


You could see 5 orbs of fire, a Killer Klown, an electric golem, a storm dragon,
a death cob, 3 Orb Guardians and a friendly orb of fire (summoned, drained).

Vanquished Creatures
  2 dread liches
  Tiamat (Zot:4)
  An ancient lich (Zot:5)
  An orb of fire (Zot:4)
  The ghost of Numi the Sorcerer, a legendary OpWz of Cheibriados (Zot:5)
  Mara (Vaults:4)
  The ghost of Muvimm the Lord of Darkness, a legendary GnVM of Kikubaaqudgha (Zot:2)
  Sojobo (Depths:3)
  Margery (Vaults:4)
  Bai Suzhen (Depths:2)
  Xtahua (Vaults:4)
  8 curse toes
  A caustic shrike (Depths:4)
  Nikola (Swamp:2)
  8 golden dragons
  An electric golem (Zot:1)
  17 tentacled monstrosities
  Jorgrun (Swamp:2)
  A lich (Vaults:5)
  8 Orb Guardians (Zot:5)
  5 quicksilver dragons
  Asterion (Elf:2)
  A tentacled starspawn (Abyss:3)
  14 death cobs
  3 titans
  Frances (Snake:2)
  3 thorn hunters
  9 tengu reavers
  10 sphinxes
  Agnes (Elf:2)
  12 shadow dragons
  14 storm dragons
  7 draconian monks
  Kirke (Lair:4)
  8 nagarajas (Snake:4)
  Roxanne (Snake:4)
  6 fire giants
  4 frost giants
  3 draconian knights
  A fenstrider witch (Swamp:4)
  14 vault wardens
  A balrug (Depths:1)
  An iron dragon (Vaults:5)
  The ghost of Gilette the Fencer, a journeyman MiMo of Ashenzari (Orc:2)
  Aizul (Elf:1)
  3 ghost moths
  An orc warlord (Vaults:3)
  19 draconian scorchers
  10 draconian shifters
  Louise (Swamp:2)
  12 draconian annihilators
  14 ironbound preservers
  10 draconian stormcallers
  17 stone giants
  3 spriggan defenders
  4 war gargoyles
  A reaper (IceCv)
  3 deep elf demonologists
  28 very ugly things
  10 black draconians
  3 vampire knights
  An entropy weaver (Vaults:2)
  2 deep elf annihilators (Vaults:5)
  10 purple draconians
  11 green draconians
  2 pale draconians (Depths:5)
  24 red draconians
  5 bunyips
  8 spark wasps
  2 dire elephants (Vaults:3)
  A minotaur (Gauntlet)
  9 white draconians
  5 eleionomae
  A blizzard demon (Depths:2)
  10 yellow draconians
  2 salamander tyrants
  11 fire dragons
  A deep elf death mage (Vaults:5)
  14 ettins
  A green death (Depths:4)
  2 shambling mangroves
  13 yaktaur captains
  37 vault guards
  A monstrous demonspawn (Depths:4)
  13 ice dragons
  8 ironbound thunderhulks
  Harold (Orc:1)
  10 great orbs of eyes
  2 rakshasas
  Fannar (Lair:2)
  5 naga warriors
  3 catoblepae
  A ghost crab (Swamp:1)
  27 anacondas
  2 spriggan air magi
  9 boulder beetles
  A hell beast (Gauntlet)
  26 hydras
  A peacekeeper (Vaults:4)
  4 centaur warriors
  9 ironbound frosthearts
  4 ogre magi
  6 two-headed ogres
  9 alligators
  13 death yaks
  A hell hog (Gauntlet)
  6 tengu warriors
  A vampire mage (Depths:2)
  6 deep troll shamans
  10 dancing weapons
  3 orc high priests (Orc:2)
  7 deep troll earth magi
  Urug (D:13)
  13 spriggans
  17 naga sharpshooters
  4 ironbound beastmasters
  12 shock serpents
  7 deep elf knights
  2 sun demons
  A fire crab (Lair:5)
  17 hell knights
  5 iron trolls
  A wretched star (Abyss:3)
  A sixfirhy (Gauntlet)
  An entropy weaver zombie (Vaults:1)
  7 goliath frogs
  7 skeletal warriors (Vaults:2)
  A large abomination (Abyss:3)
  10 salamander mystics
  14 swamp dragons
  42 deep trolls
  5 spriggan druids
  13 naga ritualists
  An orange crystal statue (Vaults:2)
  3 glowing orange brains
  18 ironbound convokers
  12 lindwurms
  2 bog bodies (Lair:2)
  7 deep elf archers (Elf:2)
  5 phantasmal warriors
  A shadow dragon zombie (Vaults:1)
  6 wizards
  2 necromancers
  An orb spider (Depths:5)
  18 deep elf pyromancers
  15 deep elf zephyrmancers
  A mana viper (shapeshifter) (Vaults:5)
  49 ugly things
  15 mana vipers
  3 tengu skeletons (Vaults:2)
  16 orc knights
  2 manticores
  4 orc sorcerers
  An oklob plant (Lair:4)
  3 will-o-the-wisps
  A wolf spider (Vaults:2)
  7 cyclopes
  A human zombie (Vaults:1)
  25 salamanders
  A water nymph (shapeshifter) (Vaults:5)
  10 guardian serpents
  39 black mambas
  16 elephants
  21 vault sentinels
  4 human skeletons
  2 water nymphs (Swamp:3)
  A gargoyle (D:13)
  24 moths of wrath
  Maurice (Orc:2)
  A fire giant skeleton (Vaults:2)
  2 smoke demons
  2 ice statues (IceCv)
  15 naga magi
  2 molten gargoyles
  3 rime drakes
  2 orange demons (Depths:4)
  8 cane toads
  15 komodo dragons
  26 yaktaurs
  6 kobold demonologists
  An unseen horror (D:11)
  A yaktaur (shapeshifter) (Depths:4)
  A yaktaur skeleton (Vaults:2)
  4 tengu conjurers
  3 freezing wraiths
  8 ice devils
  A red devil (Depths:4)
  5 polar bears
  4 trolls
  6 meliai
  2 bloated husks (Swamp:1)
  12 tyrant leeches
  2 jumping spiders
  14 hornets
  A hornet (shapeshifter) (D:14)
  32 slime creatures
  A raiju (shapeshifter) (Vaults:5)
  13 blink frogs
  4 redbacks
  A ynoxinul (Depths:4)
  2 shadows
  6 air elementals
  7 wraiths
  4 wyverns
  39 yaks
  4 fire bats (Gauntlet)
  A tarantella (Vaults:2)
  11 water elementals
  3 hogs (Lair:4)
  7 basilisks
  A yak (shapeshifter) (D:13)
  2 fire elementals (Elf:2)
  4 steam dragons
  2 small abominations (Abyss:3)
  A chaos spawn (Depths:4)
  2 elf skeletons (Vaults:2)
  45 nagas
  An acid dragon (D:9)
  10 swamp worms
  12 wargs
  5 hell hounds
  17 water moccasins
  3 black bears
  8 swamp drakes
  An ogre skeleton (Vaults:2)
  A black bear (shapeshifter) (D:14)
  58 orc warriors
  A sky beast (D:3)
  5 ogres
  3 necrophages
  12 wolves
  6 boggarts
  A phantom (D:12)
  10 kobold brigands
  11 bullfrogs
  7 gnoll sergeants
  A wyvern zombie (D:6)
  3 earth elementals
  A hornet simulacrum (D:14)
  A wyvern skeleton (D:5)
  2 water moccasin skeletons
  5 troll zombies (D:12)
  8 killer bees
  7 wights
  8 howler monkeys
  5 centaur zombies
  A bullfrog zombie (D:5)
  3 hounds
  36 orc priests
  3 gnoll shamans (D:10)
  3 jellies
  2 bullfrog skeletons
  An iron imp (D:8)
  5 iguanas
  41 orc wizards
  6 hell rats (Lair:4)
  3 ogre zombies (D:12)
  A hound zombie (D:5)
  A howler monkey zombie (D:7)
  5 gnolls (D:9)
  4 adders
  A shadow imp (D:7)
  13 white imps
  11 ufetubi
  An adder zombie (D:3)
  5 dart slugs
  136 orcs
  8 endoplasms
  2 giant cockroaches (D:2)
  6 goblins
  10 hobgoblins
  9 jackals
  4 quokkas
  5 ball pythons
  A ball python zombie (D:3)
  7 bats
  4 frilled lizards
  A giant cockroach zombie (D:3)
  4 goblin skeletons (D:12)
  3 goblin zombies (D:12)
  A hobgoblin skeleton (D:12)
  2 hobgoblin zombies (D:12)
  18 kobolds
  3 orc skeletons (D:12)
  11 orc zombies (D:12)
  3 rats
  6 briar patches (Swamp:4)
2143 creatures vanquished.

Vanquished Creatures (others)
  An eldritch tentacle (Zot:5)
  A naga warrior (Snake:1)
  An ice dragon (Depths:3)
  An orc high priest (Orc:2)
  A shadow wraith (Vaults:5)
  3 ugly things (Depths:3)
  2 white imps (IceCv)
  2 ufetubi (IceCv)
  An orc skeleton (D:12)
  A demonic plant (Gauntlet)
  4 foxfires
  42 fungi
  94 plants
  A starspawn tentacle (Abyss:3)
155 creatures vanquished.

Grand Total: 2298 creatures vanquished

Notes
Turn   | Place    | Note
-------+----------+-------------------------------------------
     0 | D:1      | LordDeathwing the Gargoyle Earth Elementalist began the
                  | quest for the Orb.
     0 | D:1      | Reached XP level 1. HP: 10/10 MP: 3/3
   206 | D:1      | Reached skill level 4 in Earth Magic
   207 | D:1      | Reached XP level 2. HP: 15/15 MP: 0/5
   210 | D:1      | Learned a level 2 spell: Passwall
   834 | D:1      | Reached XP level 3. HP: 18/20 MP: 3/6
   894 | D:1      | Reached skill level 1 in Transmutations
   898 | D:1      | Learned a level 3 spell: Stone Arrow
  1823 | D:2      | Found a faded altar of an unknown god.
  2073 | D:2      | Reached XP level 4. HP: 24/24 MP: 4/7
  2641 | D:3      | Reached skill level 1 in Conjurations
  2688 | D:3      | Found a basalt altar of Yredelemnul.
  2690 | D:3      | Reached skill level 1 in Maces & Flails
  2738 | D:3      | Noticed a sky beast
  2758 | D:3      | Killed a sky beast
  2759 | D:3      | Reached skill level 1 in Fighting
  2759 | D:3      | Reached skill level 5 in Earth Magic
  2759 | D:3      | Reached XP level 5. HP: 2/29 MP: 0/8
  3160 | D:3      | Reached skill level 1 in Staves
  3160 | D:3      | Reached XP level 6. HP: 11/34 MP: 0/9
  3763 | D:3      | Found a stormy altar of Qazlal.
  3763 | D:3      | Found a sacrificial altar of Ru.
  4375 | D:3      | You fall into a shaft and drop 3 floors!
  4377 | D:6      | Noticed a necrophage
  4386 | D:6      | Found an ornate altar of the Wu Jian Council.
  4397 | D:6      | Reached skill level 6 in Earth Magic
  4426 | D:6      | Found a staircase to the Ecumenical Temple.
  4450 | D:6      | Killed a necrophage
  4476 | D:6      | Identified the +8 long sword "Fuol" {vorpal, rPois rCorr
                  | Int+2}
  4485 | D:6      | Reached XP level 7. HP: 27/38 MP: 2/11
  4494 | D:6      | Noticed a steam dragon
  4502 | Temple   | Entered the Ecumenical Temple
  4639 | Temple   | Became a worshipper of Vehumet
  4683 | D:5      | Entered Level 5 of the Dungeon
  4840 | D:4      | Reached skill level 1 in Long Blades
  5069 | D:4      | Reached skill level 7 in Earth Magic
  5229 | D:4      | Identified the +1 pair of gloves of Marbles {rElec Regen+
                  | Dex-2}
  5817 | D:5      | Found a white marble altar of Elyvilon.
  6073 | D:5      | Learned a level 5 spell: Lee's Rapid Deconstruction
  6272 | D:5      | Reached XP level 8. HP: 45/45 MP: 10/13
  6454 | D:5      | Reached * piety under Vehumet
  6454 | D:5      | Offered knowledge of Shock by Vehumet.
  6457 | D:5      | Learned a level 1 spell: Shock
  6806 | D:5      | Found an opulent altar of Gozag.
  6873 | D:6      | Reached skill level 8 in Earth Magic
  6943 | D:6      | Found an ancient bone altar of Kikubaaqudgha.
  7334 | D:6      | Reached XP level 9. HP: 46/52 MP: 7/15
  7584 | D:6      | Found a glowing silver altar of Zin.
  7633 | D:6      | Reached skill level 9 in Earth Magic
  7651 | D:6      | Found a shimmering blue altar of Sif Muna.
  7990 | D:7      | Learned a level 4 spell: Petrify
  8228 | D:7      | Offered knowledge of Poisonous Vapours by Vehumet.
  8234 | D:7      | Reached ** piety under Vehumet
  8510 | D:7      | Reached skill level 5 in Long Blades
  8611 | D:7      | Found a runed translucent door.
  8711 | D:7      | Offered knowledge of Inner Flame by Vehumet.
  8763 | D:7      | Identified the Volume of Mutagenic Flight
  8920 | D:7      | Reached skill level 5 in Fighting
  9279 | D:8      | Found the +5 scythe "Finisher" {speed, eviscerate}
  9400 | D:8      | Reached skill level 5 in Conjurations
  9481 | D:8      | Reached XP level 10. HP: 57/59 MP: 13/16
  9487 | D:8      | Reached skill level 10 in Earth Magic
  9612 | D:8      | Found Fafrusse's Book Emporium.
 10320 | D:8      | Found a snail-covered altar of Cheibriados.
 10825 | D:9      | Noticed a kobold demonologist
 10825 | D:9      | Noticed a kobold demonologist
 10825 | D:9      | Noticed a kobold demonologist
 10832 | D:9      | Noticed a rust devil
 10836 | D:9      | Killed a kobold demonologist
 10836 | D:9      | Reached *** piety under Vehumet
 10840 | D:9      | Killed a kobold demonologist
 10843 | D:9      | Noticed an orange demon
 10848 | D:9      | Killed a kobold demonologist
 11036 | D:9      | Reached skill level 5 in Spellcasting
 11424 | D:9      | Found a hazy altar of Hepliaklqana.
 11430 | D:9      | Found a shadowy altar of Dithmenos.
 11567 | D:9      | Offered knowledge of Olgreb's Toxic Radiance by Vehumet.
 11570 | D:9      | Reached skill level 5 in Transmutations
 11582 | D:9      | Found a staircase to the Lair.
 11747 | D:9      | Found a glowing silver altar of Zin.
 12091 | D:9      | Found a hide-covered altar of Uskayaw.
 12533 | D:10     | Entered Level 10 of the Dungeon
 12542 | D:10     | Noticed a two-headed ogre
 12550 | D:10     | Killed a two-headed ogre
 12551 | D:10     | Reached XP level 11. HP: 28/63 MP: 5/20
 12707 | D:10     | Reached skill level 11 in Earth Magic
 12713 | D:10     | Learned a level 5 spell: Irradiate
 12799 | D:10     | Found a glowing golden altar of the Shining One.
 13145 | D:10     | Reached **** piety under Vehumet
 13171 | D:10     | Noticed a cyclops
 13256 | D:10     | Noticed a cyclops
 13264 | D:10     | Killed a cyclops
 13287 | D:10     | Noticed an ogre mage
 13387 | D:10     | Killed a cyclops
 13390 | D:10     | Killed an ogre mage
 13455 | D:10     | Offered knowledge of Bolt of Magma by Vehumet.
 14720 | D:10     | Noticed a two-headed ogre
 14729 | D:10     | Killed a two-headed ogre
 14729 | D:10     | Reached ***** piety under Vehumet
 14729 | D:10     | Offered knowledge of Lightning Bolt by Vehumet.
 14730 | D:10     | Reached XP level 12. HP: 70/70 MP: 16/22
 14958 | D:10     | Noticed a two-headed ogre
 14987 | D:10     | Killed a two-headed ogre
 15253 | D:10     | Learned a level 5 spell: Fireball
 15505 | D:11     | Reached skill level 1 in Fire Magic
 15524 | D:11     | Found a radiant altar of Vehumet.
 15536 | D:11     | Reached skill level 1 in Armour
 15583 | D:11     | Noticed a two-headed ogre
 15588 | D:11     | Killed a two-headed ogre
 15995 | Lair:1   | Entered Level 1 of the Lair of Beasts
 16506 | Lair:1   | Reached skill level 5 in Fire Magic
 16867 | Lair:2   | Found a staircase to the Snake Pit.
 16873 | Lair:2   | Found a staircase to the Swamp.
 16880 | Lair:2   | Reached skill level 10 in Conjurations
 16986 | Lair:2   | Noticed Fannar
 16995 | Lair:2   | Killed Fannar
 17002 | Lair:2   | Reached XP level 13. HP: 74/74 MP: 7/25
 17416 | Lair:2   | Reached skill level 5 in Armour
 19276 | Lair:4   | Noticed Kirke
 19437 | Lair:4   | Killed Kirke
 20333 | Lair:5   | Reached skill level 10 in Spellcasting
 20338 | Lair:5   | Gained mutation: You are frail. (-10% HP) [mutagenic glow]
 20546 | Lair:5   | Gained mutation: Your large and strong wings let you fly.
                  | [Gargoyle growth]
 20546 | Lair:5   | Reached XP level 14. HP: 64/73 MP: 17/28
 20559 | Lair:5   | Reached skill level 5 in Stealth
 20745 | D:8      | Bought the Grimoire of Harmful Earth for 900 gold pieces
 20751 | D:8      | Learned a level 5 spell: Bolt of Magma
 20963 | Lair:5   | Reached skill level 1 in Ice Magic
 21107 | Lair:5   | Reached skill level 12 in Earth Magic
 21123 | Lair:5   | Identified the +1 chain mail of Narr {Int+3}
 21218 | Lair:5   | Found a staircase to the Slime Pits.
 21244 | Lair:5   | Offered knowledge of Iron Shot by Vehumet.
 21359 | Lair:4   | Learned a level 6 spell: Iron Shot
 21521 | Lair:5   | Identified the +3 chain mail of the Other Side {Dex+2}
 21671 | Lair:5   | Upgraded the game from 0.27-a0-1060-gcb85b5eba1 to
                  | 0.27-a0-1065-ge809cff456
 21737 | Lair:6   | Entered Level 6 of the Lair of Beasts
 22008 | Lair:6   | Reached skill level 5 in Ice Magic
 22184 | Lair:6   | Identified the +5 whip "Ublaloah" {vorpal, rF- rCorr Str-4
                  | Dex+9}
 22539 | Lair:6   | Reached XP level 15. HP: 74/77 MP: 5/29
 22944 | Lair:6   | Reached skill level 13 in Earth Magic
 23557 | D:12     | Found a gate leading to a gauntlet.
 23584 | Gauntlet | Entered a Gauntlet
 23584 | Gauntlet | Found a transporter.
 23584 | Gauntlet | Found a transporter.
 23603 | Gauntlet | Found a transporter.
 23622 | Gauntlet | Found a transporter.
 23622 | Gauntlet | Found a transporter.
 23624 | Gauntlet | Found a transporter.
 23627 | Gauntlet | Found a transporter.
 23627 | Gauntlet | Found a transporter.
 23631 | Gauntlet | Found a runed translucent door.
 23640 | Gauntlet | Found a runed translucent door.
 23644 | Gauntlet | Found a transporter.
 23661 | Gauntlet | Found a transporter.
 23671 | Gauntlet | Found a transporter.
 23689 | Gauntlet | Found a transporter.
 23707 | Gauntlet | Found a transporter.
 23721 | Gauntlet | Found a transporter.
 23966 | Gauntlet | Offered knowledge of Iskenderun's Battlesphere by Vehumet.
 23996 | Gauntlet | Identified the ring of Jutzes {*Corrode rElec AC+4 Str+9}
 24245 | Gauntlet | Identified the +4 cloak of the Doldrums {*Slow rN+ Stlth+}
 24295 | Gauntlet | Identified the +1 shortbow of Honesty {venom, rC+ Int+8
                  | Dex+3}
 24330 | Gauntlet | Identified the +0 robe "Racuosaf" {Drain Will+ Str+4}
 24396 | D:12     | Identified the +5 short sword of Slime {distort, +Blink rC+
                  | Dex-4}
 24638 | D:12     | Found a shadowy altar of Dithmenos.
 24708 | D:12     | Reached skill level 10 in Fire Magic
 24929 | D:12     | Found a staircase to the Orcish Mines.
 25774 | D:13     | Found a gate to the Vaults.
 25903 | D:13     | Noticed Urug
 25907 | D:13     | Killed Urug
 27399 | D:15     | Entered Level 15 of the Dungeon
 27765 | D:15     | Offered knowledge of Eringya's Noxious Bog by Vehumet.
 27929 | D:15     | Reached XP level 16. HP: 35/82 MP: 7/30
 28098 | D:15     | Reached skill level 10 in Ice Magic
 28136 | D:15     | Reached skill level 14 in Earth Magic
 28426 | D:15     | Found an iron altar of Okawaru.
 28433 | D:15     | Identified the +8 spear of Hilebeem {freeze, Str+5 Int-5}
 28720 | D:15     | Found a staircase to the Depths.
 28813 | Orc:1    | Entered Level 1 of the Orcish Mines
 28851 | Orc:1    | Noticed Harold
 28858 | Orc:1    | Killed Harold
 28873 | Orc:1    | Found a frozen archway.
 28884 | IceCv    | Entered an ice cave
 29443 | IceCv    | Identified the +1 pair of boots "Egubour" {Str+9}
 29646 | Orc:1    | Cast into level 3 of the Abyss (unwielding a weapon of
                  | distortion)
 29730 | Abyss:3  | Noticed a lich
 29740 | Abyss:3  | Noticed a tentacled starspawn
 29746 | Abyss:3  | Killed a tentacled starspawn
 29795 | Abyss:3  | Noticed a tentacled starspawn
 29828 | Orc:1    | Escaped the Abyss
 30278 | Orc:2    | Entered Level 2 of the Orcish Mines
 30319 | Orc:2    | Found Cedghaus's Assorted Antiques.
 30387 | Orc:2    | Noticed Maurice
 30391 | Orc:2    | Killed Maurice
 30391 | Orc:2    | Reached ****** piety under Vehumet
 30496 | Orc:2    | Bought a scroll of teleportation for 75 gold pieces
 30496 | Orc:2    | Bought a scroll of magic mapping for 87 gold pieces
 30496 | Orc:2    | Bought an emerald ring for 125 gold pieces
 30496 | Orc:2    | Bought a wand of paralysis (7) for 50 gold pieces
 30515 | Orc:2    | Found a staircase to the Elven Halls.
 30546 | Orc:2    | Noticed Gilette's ghost (journeyman MiMo)
 30552 | Orc:2    | Found a transporter.
 30570 | Orc:2    | Offered knowledge of Conjure Ball Lightning by Vehumet.
 30573 | Orc:2    | Found a transporter.
 31032 | Orc:2    | Found Tahis's Weapon Shop.
 31032 | Orc:2    | Found Egytsuj's Antique Armour Emporium.
 31034 | Orc:2    | Found Fyicurr's Antique Armour Shop.
 31034 | Orc:2    | Found Nounetro's Armour Emporium.
 31041 | Orc:2    | Bought a dazzling scale mail for 225 gold pieces
 31041 | Orc:2    | Identified the +4 scale mail of Ethics {rElec Int+2 Stlth+}
                  | (You bought it in a shop on level 2 of the Orcish Mines)
 31041 | Orc:2    | Bought a steaming scale mail for 225 gold pieces
 31041 | Orc:2    | Identified the +0 scale mail of a Million Runes {Rampage
                  | rPois Dex+6} (You bought it in a shop on level 2 of the
                  | Orcish Mines)
 31041 | Orc:2    | Bought a warped ring mail for 225 gold pieces
 31041 | Orc:2    | Identified the +1 ring mail of Yrenod {+Blink} (You bought
                  | it in a shop on level 2 of the Orcish Mines)
 31156 | Orc:2    | Bought a +2 helmet of intelligence for 365 gold pieces
 31850 | D:10     | Learned a level 7 spell: Ozocubu's Refrigeration
 31905 | Snake:1  | Entered Level 1 of the Snake Pit
 32112 | Snake:1  | Reached XP level 17. HP: 86/86 MP: 4/32
 32282 | Snake:1  | Lost mutation: You are frail. (-10% HP) [potion of
                  | mutation]
 32282 | Snake:1  | Gained mutation: You are clumsy. (Dex -2) [potion of
                  | mutation]
 32282 | Snake:1  | Gained mutation: Your mind is acute. (Int +2) [potion of
                  | mutation]
 32345 | Snake:1  | Identified the +3 ring mail "Luivokid" {Contam Harm Dex-5
                  | Stlth+}
 32546 | Snake:1  | Reached skill level 15 in Earth Magic
 32954 | Snake:2  | Noticed Frances
 33294 | Snake:2  | Killed Frances
 33527 | Snake:2  | Offered knowledge of Starburst by Vehumet.
 34113 | Snake:3  | Identified the +8 dagger "Syseh" {vorpal, rF+ Int-5 Dex+5}
 34784 | Snake:3  | Found Okkiola's Book Boutique.
 34789 | Snake:3  | Bought a book of Power for 540 gold pieces
 35152 | Snake:4  | Entered Level 4 of the Snake Pit
 35329 | Snake:4  | Reached XP level 18. HP: 101/101 MP: 32/34
 35342 | Snake:4  | Identified the +1 robe "Veom" {Fly Str+2}
 35532 | Snake:4  | Noticed Roxanne
 35611 | Snake:4  | Killed Roxanne
 35764 | Snake:4  | Offered knowledge of Ignition by Vehumet.
 36187 | Snake:4  | Reached skill level 16 in Earth Magic
 36551 | Snake:4  | Got a serpentine rune of Zot
 37068 | Swamp:1  | Entered Level 1 of the Swamp
 37265 | Swamp:1  | Reached skill level 17 in Earth Magic
 37425 | Swamp:1  | Reached XP level 19. HP: 105/105 MP: 27/36
 37435 | Swamp:1  | Learned a level 9 spell: Shatter
 37823 | Swamp:2  | Noticed Jorgrun
 37828 | Swamp:2  | Killed Jorgrun
 38359 | Swamp:2  | Noticed Nikola
 38368 | Swamp:2  | Killed Nikola
 38369 | Swamp:2  | Reached skill level 18 in Earth Magic
 38642 | Swamp:2  | Noticed Louise
 38649 | Swamp:2  | Killed Louise
 39854 | Swamp:4  | Entered Level 4 of the Swamp
 39857 | Swamp:4  | Offered knowledge of Lehudib's Crystal Spear by Vehumet.
 39857 | Swamp:4  | Offered knowledge of Fire Storm by Vehumet.
 39857 | Swamp:4  | Offered knowledge of Chain Lightning by Vehumet.
 39887 | Swamp:4  | Reached skill level 19 in Earth Magic
 39965 | Swamp:4  | Paralysed by a fenstrider witch for 6 turns
 40717 | Swamp:4  | Got a decaying rune of Zot
 41385 | Vaults:1 | Entered Level 1 of the Vaults
 41475 | Vaults:1 | Reached XP level 20. HP: 102/111 MP: 11/38
 41725 | Vaults:1 | Reached skill level 20 in Earth Magic
 43251 | Vaults:2 | Gained mutation: You are robust. (+10% HP) [mutagenic glow]
 43268 | Vaults:2 | Reached skill level 10 in Armour
 43268 | Vaults:2 | Found a staircase to the Crypt.
 43676 | Vaults:2 | Reached skill level 21 in Earth Magic
 43739 | Vaults:2 | Identified a scroll of acquirement
 43746 | Vaults:2 | Acquired a staff of conjuration
 44081 | Vaults:2 | Found Vuci's Book Shoppe.
 45097 | Vaults:3 | Reached XP level 21. HP: 117/126 MP: 39/39
 45189 | Vaults:3 | Reached skill level 22 in Earth Magic
 45860 | Vaults:3 | Found Olidut's Antique Armour Boutique.
 45875 | Vaults:3 | Bought a jewelled helmet for 313 gold pieces
 45875 | Vaults:3 | Identified the -6 helmet of Zitten {rF+ Will+} (You bought
                  | it in a shop on level 3 of the Vaults)
 45875 | Vaults:3 | Bought a bloodstained scale mail for 297 gold pieces
 45875 | Vaults:3 | Identified the +2 scale mail of Duty {rC+ Will++ Dex+3}
                  | (You bought it in a shop on level 3 of the Vaults)
 45875 | Vaults:3 | Bought a transparent leather armour for 231 gold pieces
 45875 | Vaults:3 | Identified the +1 leather armour of Zin's Supremacy
                  | {Regen+} (You bought it in a shop on level 3 of the Vaults)
 45875 | Vaults:3 | Bought the +2 cloak of the Thief {*Fog Slay-2 SInv Stlth+}
                  | for 663 gold pieces
 45875 | Vaults:3 | Found the +2 cloak of the Thief {*Fog Slay-2 SInv Stlth+}
 46684 | Vaults:4 | Noticed Xtahua
 46770 | Vaults:4 | Noticed Mara
 46775 | Vaults:4 | Noticed LordDeathwing's illusion
 46787 | Vaults:4 | Killed Mara
 46788 | Vaults:4 | Reached skill level 15 in Ice Magic
 47008 | Vaults:4 | Found a flickering gateway to a bazaar.
 47008 | Vaults:4 | Noticed Margery
 47013 | Vaults:4 | Killed Margery
 47026 | Bazaar   | Entered a bazaar
 47053 | Bazaar   | Found Tuwouts's Magic Scroll Shoppe.
 47069 | Bazaar   | Found Fiyrigo's Antique Weapon Shoppe.
 47085 | Bazaar   | Found Inuazixt's Weapon Shoppe.
 47085 | Bazaar   | Found Jabickaq's Antique Armour Emporium.
 47171 | Bazaar   | Bought a faintly glowing hunting sling for 110 gold pieces
 47171 | Bazaar   | Identified the +0 hunting sling of Kismet {venom, rCorr
                  | Str+7} (You bought it in a shop in a bazaar)
 47171 | Bazaar   | Bought a brightly glowing short sword for 136 gold pieces
 47171 | Bazaar   | Identified the +7 short sword of Wootu {vamp, rF+ Int+3}
                  | (You bought it in a shop in a bazaar)
 47229 | Bazaar   | Bought a scroll of holy word for 75 gold pieces
 47229 | Bazaar   | Bought a scroll of teleportation for 30 gold pieces
 47229 | Bazaar   | Bought a scroll of teleportation for 30 gold pieces
 47229 | Bazaar   | Bought a scroll of summoning for 95 gold pieces
 47229 | Bazaar   | Bought a scroll of magic mapping for 35 gold pieces
 47229 | Bazaar   | Bought a scroll of blinking for 75 gold pieces
 47299 | Vaults:4 | Killed Xtahua
 47300 | Vaults:4 | Reached skill level 23 in Earth Magic
 47300 | Vaults:4 | Reached XP level 22. HP: 132/132 MP: 19/40
 48243 | Vaults:4 | Learned a level 8 spell: Lehudib's Crystal Spear
 48507 | Elf:1    | Entered Level 1 of the Elven Halls
 48517 | Elf:1    | Reached skill level 15 in Spellcasting
 48735 | Elf:1    | Identified the Volume of Companions
 48906 | Elf:1    | Noticed Aizul
 48911 | Elf:1    | Killed Aizul
 49104 | Elf:1    | Identified the +0 leather armour "Nav Kuing" {Rampage rElec
                  | Str+6 Int+4}
 49231 | Elf:1    | Found Xoss's Book Shop.
 49803 | Elf:2    | Found a radiant altar of Vehumet.
 49824 | Elf:2    | Found Fupsis's Antique Armour Shop.
 49829 | Elf:2    | Bought an embroidered hat for 196 gold pieces
 49842 | Elf:2    | Noticed Agnes
 49846 | Elf:2    | Killed Agnes
 50081 | Elf:2    | Noticed Asterion
 50130 | Elf:2    | Killed Asterion
 50182 | Elf:2    | Identified the +4 dagger "Noqavyet" {speed, rN+ Str+8
                  | Stlth-}
 50200 | Elf:2    | Found a gateway to a bazaar.
 50206 | Bazaar   | Entered a bazaar
 50206 | Bazaar   | Found Karphewa's Magic Scroll Shoppe.
 50206 | Bazaar   | Found Dapnajuyf's Book Shoppe.
 50206 | Bazaar   | Found Dufa's Jewellery Emporium.
 50228 | Bazaar   | Bought a scroll of blinking for 105 gold pieces
 50228 | Bazaar   | Bought a scroll of blinking for 105 gold pieces
 50228 | Bazaar   | Bought 2 scrolls of amnesia for 98 gold pieces
 50245 | Bazaar   | Learned a level 9 spell: Fire Storm
 50314 | Elf:2    | Found Uxelaraw's General Store.
 50326 | Elf:2    | Bought a +2 kite shield of reflection for 388 gold pieces
 50388 | Elf:2    | Found a runed translucent gate.
 50388 | Elf:2    | Found a runed translucent gate.
 50390 | Elf:2    | Found a runed translucent gate.
 50491 | Elf:2    | Found an ancient bone altar of Kikubaaqudgha.
 50778 | Depths:1 | Entered Level 1 of the Depths
 50812 | Depths:1 | Found a blossoming altar of Fedhas.
 50863 | Depths:1 | Reached skill level 1 in Shields
 50984 | D:15     | Lost mutation: Your mind is acute. (Int +2) [mutagenic
                  | glow]
 51052 | Depths:1 | Reached skill level 15 in Conjurations
 51299 | Depths:1 | Found Vaadinie's Distillery.
 51302 | Depths:1 | Found Wirr's Armour Boutique.
 51326 | Depths:1 | Found Zouphuzug's Magic Scroll Emporium.
 51336 | Depths:1 | Bought a scroll of amnesia for 52 gold pieces
 51369 | Depths:1 | Found a gateway to Hell.
 51417 | Depths:1 | Found Lisken's Magic Scroll Shop.
 51547 | Depths:1 | Found a one-way gate leading to the halls of Pandemonium.
 51570 | Depths:1 | Found Fuxont's Assorted Antiques.
 51804 | Depths:2 | Found a gateway to a ziggurat.
 52084 | Depths:2 | Reached XP level 23. HP: 120/136 MP: 15/42
 52640 | Depths:2 | Noticed Bai Suzhen
 52650 | Depths:2 | Killed Bai Suzhen
 52651 | Depths:2 | Reached skill level 15 in Fire Magic
 53268 | Depths:3 | Noticed Sojobo
 53360 | Depths:3 | Found a one-way gate to the infinite horrors of the Abyss.
 53519 | Depths:3 | Found Emusk's Antique Weapon Shop.
 53535 | Depths:3 | Acquired the ring of Bur Wuef {Wiz *Corrode rPois rN+++
                  | Str-3}
 53799 | Depths:3 | Reached skill level 5 in Shields
 53855 | Depths:3 | Killed Sojobo
 55874 | Depths:4 | Noticed a caustic shrike
 55885 | Depths:4 | Killed a caustic shrike
 55886 | Depths:4 | Reached XP level 24. HP: 99/143 MP: 14/43
 56488 | Depths:5 | Entered Level 5 of the Depths
 56546 | Depths:5 | Gained mutation: You sometimes lose the ability to read
                  | scrolls when taking damage. [mutagenic glow]
 56628 | Depths:4 | Lost mutation: You sometimes lose the ability to read
                  | scrolls when taking damage. [potion of mutation]
 56628 | Depths:4 | Lost mutation: You are clumsy. (Dex -2) [potion of
                  | mutation]
 56628 | Depths:4 | Lost mutation: You are robust. (+10% HP) [potion of
                  | mutation]
 56628 | Depths:4 | Gained mutation: You expend magic power (3 MP) to
                  | strengthen your wands. [potion of mutation]
 56628 | Depths:4 | Gained mutation: You have large cloven feet. [potion of
                  | mutation]
 56629 | Depths:4 | Lost mutation: You have large cloven feet. [potion of
                  | mutation]
 56629 | Depths:4 | Lost mutation: You expend magic power (3 MP) to strengthen
                  | your wands. [potion of mutation]
 56629 | Depths:4 | Gained mutation: Armour fits poorly on your strangely
                  | shaped body. [potion of mutation]
 56629 | Depths:4 | Gained mutation: You are somewhat resistant to further
                  | mutation. [potion of mutation]
 56630 | Depths:4 | Lost mutation: Armour fits poorly on your strangely shaped
                  | body. [potion of mutation]
 56630 | Depths:4 | Lost mutation: You are somewhat resistant to further
                  | mutation. [potion of mutation]
 56630 | Depths:4 | Gained mutation: You are partially covered in iridescent
                  | scales. (AC +2) [potion of mutation]
 56630 | Depths:4 | Gained mutation: Armour fits poorly on your strangely
                  | shaped body. [potion of mutation]
 56630 | Depths:4 | Gained mutation: You occasionally shout uncontrollably at
                  | your foes. [potion of mutation]
 56630 | Depths:4 | Gained mutation: You have a pair of small horns on your
                  | head. [potion of mutation]
 56631 | Depths:4 | Lost mutation: You occasionally shout uncontrollably at
                  | your foes. [potion of mutation]
 56631 | Depths:4 | Lost mutation: You have a pair of small horns on your head.
                  | [potion of mutation]
 56631 | Depths:4 | Gained mutation: You expend magic power (3 MP) to
                  | strengthen your wands. [potion of mutation]
 56631 | Depths:4 | Gained mutation: You possess an exceptional clarity of
                  | mind. [potion of mutation]
 56631 | Depths:4 | Gained mutation: You are mostly covered in iridescent
                  | scales. (AC +4) [potion of mutation]
 56724 | Depths:1 | Bought a potion of mutation for 152 gold pieces
 56724 | Depths:1 | Lost mutation: Armour fits poorly on your strangely shaped
                  | body. [potion of mutation]
 56724 | Depths:1 | Lost mutation: You possess an exceptional clarity of mind.
                  | [potion of mutation]
 56724 | Depths:1 | Gained mutation: You are robust. (+10% HP) [potion of
                  | mutation]
 56724 | Depths:1 | Gained mutation: You occasionally shout uncontrollably at
                  | your foes. [potion of mutation]
 56724 | Depths:1 | Gained mutation: Your mind is acute. (Int +2) [potion of
                  | mutation]
 57517 | Depths:5 | Found a gate to the Realm of Zot.
 57588 | Depths:5 | Found a corrupted altar of Lugonu.
 58054 | Depths:5 | Identified the +6 plate armour of Durable Miracles {Drain
                  | rPois rN+ SInv}
 58999 | Vaults:5 | Entered Level 5 of the Vaults
 59007 | Vaults:4 | Gained mutation: You tend to lose your temper in combat.
                  | [mutagenic glow]
 59082 | Vaults:5 | Reached XP level 25. HP: 58/147 MP: 42/43
 59149 | Vaults:5 | Noticed a dread lich
 59153 | Vaults:5 | Killed a dread lich
 59447 | Vaults:5 | Reached skill level 10 in Shields
 59712 | Vaults:5 | Identified the +3 halberd of Vanemas {vorpal, rPois Str+2
                  | Dex-4}
 60074 | Vaults:5 | Identified the +8 great sword "Jelly's Doom" {vorpal,
                  | rElec}
 60227 | Vaults:5 | Found Ukid's Assorted Antiques.
 60234 | Vaults:5 | Bought a potion of curing for 93 gold pieces
 60234 | Vaults:5 | Bought a potion of magic for 248 gold pieces
 60234 | Vaults:5 | Bought a potion of magic for 248 gold pieces
 60234 | Vaults:5 | Bought a jewelled dagger for 217 gold pieces
 60234 | Vaults:5 | Identified the +5 dagger of Sunkan {venom, rF+ rC+} (You
                  | bought it in a shop on level 5 of the Vaults)
 60234 | Vaults:5 | Bought a scroll of enchant armour for 232 gold pieces
 60245 | Vaults:5 | Acquired 806 gold pieces
 60629 | Vaults:5 | Got a silver rune of Zot
 60850 | Vaults:5 | Identified the +10 ice dragon scales of Ogiemone {-Tele
                  | rPois rF- rC++ Will+++ rCorr}
 61195 | Orc:2    | Killed Gilette's ghost
 61306 | D:10     | Acquired 801 gold pieces
 62209 | Zot:1    | Entered Level 1 of the Realm of Zot
 62361 | Depths:1 | Bought a scroll of blinking for 112 gold pieces
 62361 | Depths:1 | Bought a scroll of teleportation for 45 gold pieces
 62375 | Depths:1 | Bought a scroll of teleportation for 57 gold pieces
 62375 | Depths:1 | Bought a scroll of magic mapping for 66 gold pieces
 62375 | Depths:1 | Bought a scroll of blinking for 142 gold pieces
 62375 | Depths:1 | Bought a scroll of blinking for 142 gold pieces
 62375 | Depths:1 | Bought a scroll of blinking for 142 gold pieces
 62403 | Depths:1 | Bought a crystal falchion for 344 gold pieces
 62403 | Depths:1 | Identified the +8 falchion "Huosh" {distort, Will+} (You
                  | bought it in a shop on level 1 of the Depths)
 62403 | Depths:1 | Bought a scroll of teleportation for 129 gold pieces
 62404 | Depths:1 | Lost mutation: Your mind is acute. (Int +2) [potion of
                  | mutation]
 62404 | Depths:1 | Lost mutation: You occasionally shout uncontrollably at
                  | your foes. [potion of mutation]
 62404 | Depths:1 | Lost mutation: You are robust. (+10% HP) [potion of
                  | mutation]
 62404 | Depths:1 | Gained mutation: You are robust. (+10% HP) [potion of
                  | mutation]
 62404 | Depths:1 | Gained mutation: Your muscles are strong. (Str +2) [potion
                  | of mutation]
 62731 | Zot:1    | Reached XP level 26. HP: 154/154 MP: 15/43
 62839 | Zot:1    | Learned a level 7 spell: Orb of Destruction
 64202 | Zot:2    | Found a runed translucent gate.
 64202 | Zot:2    | Found a runed translucent gate.
 64202 | Zot:2    | Noticed Muvimm's ghost (legendary GnVM)
 64204 | Zot:2    | Found a runed translucent gate.
 65052 | Zot:2    | Reached skill level 1 in Evocations
 65460 | Zot:2    | Killed Muvimm's ghost
 65626 | Zot:3    | Reached XP level 27. HP: 149/158 MP: 36/43
 67285 | Zot:4    | Reached skill level 5 in Evocations
 67672 | Zot:4    | Noticed an orb of fire
 67681 | Zot:4    | Gained mutation: Your muscles are very strong. (Str +4) [an
                  | orb of fire]
 67682 | Zot:4    | Gained mutation: You often lose your temper in combat. [an
                  | orb of fire]
 67684 | Zot:4    | Killed an orb of fire
 68241 | Zot:4    | Found the +4 dragonskin cloak
 68241 | Zot:4    | Noticed Tiamat
 68445 | Zot:4    | Killed Tiamat
 69487 | Zot:5    | Entered Level 5 of the Realm of Zot
 69728 | Zot:5    | Noticed Numi's ghost (legendary OpWz)
 70111 | Zot:5    | Found a transporter.
 70115 | Zot:5    | Found a transporter.
 70247 | Zot:5    | Killed Numi's ghost
 70466 | Zot:5    | Noticed a dread lich
 70472 | Zot:5    | Killed a dread lich
 70488 | Zot:5    | Identified the ring of Jiycsa {rPois Int+4}
 70572 | Zot:5    | Reached skill level 1 in Short Blades
 70599 | Zot:5    | Noticed an orb of fire
 70610 | Zot:5    | Noticed an ancient lich
 70611 | Zot:5    | Noticed an orb of fire
 70611 | Zot:5    | Noticed an orb of fire
 70611 | Zot:5    | Noticed an orb of fire
 70614 | Zot:5    | Noticed an orb of fire
 70617 | Zot:5    | Noticed an orb of fire
 70622 | Zot:5    | Killed an ancient lich
 70622 | Zot:5    | HP: 2/158 [orb of fire/bolt of fire (11)]
 70623 | Zot:5    | Killed from afar by an orb of fire

Illustrated notes

Levels and vault maps discovered:
D:1:      sevenhm_arrival_forest_fort_large_2, layout_basic,
          chequers_mini_garden
D:2:      layout_rooms, chequers_ecumenical_altar_grove, minmay_tall_x
D:3:      layout_basic, nicolae_yredelemnul_corpse_copse,
          grunt_temple_overflow_open, minmay_strange_pillars
D:4:      layout_basic, minmay_misc_feat_pillars
D:5:      layout_cave_pods, elyvilon_altar_4, kennysheep_little_box,
          minmay_misc_feat_rows, minmay_misc_feat_four_crosses
D:6:      layout_cave_pools, lemuel_round_altar, tgw_sif, temple_pool_b,
          hangedman_feature_mirror
D:7:      layout_basic, nrook_campfire, lightli_church_of_beogh
D:8:      layout_gridville, slow_altar_2, serial_shops,
          nicolae_shop_window_shopping, enter_bailey_4, minivault_21, hex_tiny,
          minmay_guarded_unrand_finisher
D:9:      layout_layer_cave, riverfiend_overflow_shadow_ancestor, zin_statuary,
          nicolae_uskayaw_suspiria, erik_lair_orcish_takeover,
          kennysheep_cross_bottleneck
D:10:     lemuel_castle_with_subvaults [lemuel_castle_interior_original],
          layout_irregular_city, general_overflow_altar,
          hangedman_decor_peaks_small
D:11:     layout_roguey, nicolae_vehumet_radiance
D:12:     layout_loops_cross, zombieorc2_lemuel, gauntlet_entry_generic,
          nicolae_dithmenos_the_darkroom
D:13:     layout_long_grid, david_vaults_5, uniq_urug
D:14:     layout_basic, bh_walls_and_bars
D:15:     grunt_enter_depths_snipers, layout_rooms, special_room
          [special_room_orc], okawaru_trees_2
Temple:   jpeg_temple_island
Lair:1:   layout_roguey, minivault_27
Lair:2:   layout_misc_corridors, skrybe_swamp_entry_bodies,
          grunt_forest_small_clearing_treed, uniq_fannar
Lair:3:   layout_chaotic_city, serial_bayou, serial_bayou_pond_e,
          serial_bayou_pond_d, serial_bayou_shore_b, serial_bayou_shore_b,
          serial_bayou_lagoon_b, serial_bayou_shore_b, serial_bayou_pond_d,
          minivault_11
Lair:4:   layout_layer_cave, lemuel_fruit_tree, uniq_kirke
Lair:5:   layout_roguey, minmay_slime_entry_pillars, minmay_shattered_shrine
Lair:6:   grunt_lair_end_beastmaster, layout_regular_city, serial_bayou_shore_a
Swamp:1:  nicolae_swamp_decorative_isthmus, layout_falls_marsh,
          evilmike_swamp_ruin_house_2
Swamp:2:  layout_falls_marsh, evilmike_swamp_ruin_house_5, uniq_louise,
          uniq_jorgrun, uniq_nikola
Swamp:3:  layout_basic_swamp, nicolae_swamp_tree_designs, swamp_pool1,
          nicolae_swamp_nymph_family_reunion
Swamp:4:  swamp_alternative, layout_basic_swamp, swamp_pool4
Snake:1:  layout_onion
Snake:2:  layout_gridlike, uniq_frances
Snake:3:  hangedman_cross_stitches, layout_concentric_octagons, serial_shops,
          shop, nicolae_snake_salamander_stairs
Snake:4:  grunt_snake_rune_serpentine_throne, layout_cave_town,
          fake_guardian_serpent_vault, uniq_roxanne
Orc:1:    layout_diamond_mine, nicolae_volcano_entry_hallway,
          portal_ice_cave_entry_pillars_2, uniq_harold
Orc:2:    grunt_orc_tribal_feast, layout_caves, gammafunk_ghost_arena,
          serial_shops, nicolae_shop_crystal, bh_open_orc_temple, uniq_maurice
Elf:1:    layout_geoelf_diagonals, serial_shops, shop_fountains,
          minmay_elf_demonology, uniq_aizul
Elf:2:    layout_loops_cross, serial_shops, bzr_entry_safe, shop, shop,
          hangedman_feature_mirror, drop_trap, uniq_asterion, uniq_agnes
Vaults:1: v_misc_4, nicolae_vaults_lopsided_apartments, vaults_mumra_hexcomb,
          v_misc_26, hangedman_vaults_corner_blocks,
          nicolae_vaults_little_squares_5, vaults_room_semicircle, v_misc_23,
          v_misc_8, vaults_room_grid, vaults_dpeg_ring, ontoclasm_vaults_twist,
          vaults_dpeg_hooks, layout_vaults_ring
Vaults:2: v_misc_11, minmay_crypt_entry_skeletal_spiral,
          nicolae_vaults_network_star, nicolae_vaults_statue_guard,
          nicolae_vaults_big_ls, layout_vaults_omnigrid, serial_shops,
          nicolae_shop_stone
Vaults:3: nicolae_vaults_arrows, v_misc_15, nicolae_vaults_stairing_the_circle,
          hangedman_vaults_capsules, v_misc_12, v_rooms_1, v_misc_32,
          special_room_vaults [special_room_orc],
          nicolae_vaults_little_squares_3, layout_vaults_maze_snakey,
          serial_shops, nicolae_shop_competitors_out_of_business
Vaults:4: ontoclasm_vaults_idyll, hangedman_vaults_corner, v_misc_12,
          vaults_mumra_minichess_inversion, v_misc_9, vaults_room_semicircle,
          hangedman_vaults_stitches, v_misc_17, hangedman_vaults_slice,
          serial_ice_g, ontoclasm_vaults_decontamination,
          grunt_vaults_hallway_short, layout_vaults_big_room, serial_shops,
          bzr_entry_islet, uniq_margery, uniq_xtahua, uniq_mara
Vaults:5: serial_shops
Depths:1: layout_cave_pools, serial_shops, shop, shop,
          nicolae_shop_behind_doors, shop, shop_statue, lightli_too_deep,
          pan_entry, fedhas_altar_1
Depths:2: evilmike_cross, layout_basic, enter_ziggurat_a, dk_noncrumbling_4,
          hangedman_coc_ice_floe, firewood_loft, minmay_staircase_bubble,
          uniq_bai_suzhen
Depths:3: lemuel_flame_loot_2, layout_gridlike, pan_entry,
          grunt_decor_one_mirror, serial_shops, shop, hangedman_geh_valley,
          nicolae_abyss_entry_one_way_or_another, lemuel_nasty_fountain,
          infiniplex_staircase_squiggle, uniq_sojobo
Depths:4: kennysheep_large_spiral, layout_cave_pools, grunt_pan_entry_zigzag,
          hell_entry, abyss_entry, minmay_staircase_windowed_small
Depths:5: evilmike_zot_entry_gauntlet, layout_gridlike, hell_entry,
          chequers_serial_rivers_marsh, abyss_entry_flame_altar,
          hangedman_stitches_earthworm, serial_bayou_shore_b
Zot:1:    layout_twisted_circle, hangedman_zot_decor_scrapings,
          bh_zot_ikea_curve
Zot:2:    layout_gridlike, ebering_ghost_rock_garden
Zot:3:    lemuel_draconian_sentries, layout_basic
Zot:4:    kennysheep_ambush_hall, layout_basic, uniq_tiamat
Zot:5:    layout_basic, gammafunk_ghost_arena

Skill      XL: |  1  2  3  4  5  6  7  8  9 10 11 12 13 14 15 16 17 18 19 20 21 22 23 24 25 26 27 |
---------------+----------------------------------------------------------------------------------+-----
Earth Magic    | 4 5 6 7 8 9 10 11 12 13 14 15 17 19 21 23 | 23.0
Transmutations | 1 3 5 7 |  7.0
Dodging        | 2 |  2.0
Conjurations   | 1 3 5 6 9 10 12 13 15 17 18 20 21 22 | 22.1
Maces & Flails | 1 |  1.0
Fighting       | 1 2 4 5 6 7 |  7.0
Stealth        | 3 4 7 8 |  8.0
Staves         | 1 |  1.0
Spellcasting   | 3 4 6 8 10 11 12 13 14 15 16 17 | 17.8
Long Blades    | 2 4 5 6 7 8 |  8.0
Fire Magic     | 6 7 9 10 11 12 14 16 17 18 20 21 | 21.0
Armour         | 4 6 8 10 11 12 14 | 14.0
Ice Magic      | 6 9 11 14 15 | 15.8
Shields        | 3 7 9 11 12 | 12.0
Evocations     | 2 8 |  8.3
Short Blades   | 2 |  2.0
Throwing       | |  0.1

Action                   |  1- 3 |  4- 6 |  7- 9 | 10-12 | 13-15 | 16-18 | 19-21 | 22-24 | 25-27 || total
-------------------------+-------+-------+-------+-------+-------+-------+-------+-------+-------++-------
Melee: Staff             |       |    38 |     2 |       |       |     8 |    20 |    16 |    44 ||   128
       Long sword        |       |       |   112 |   234 |   382 |   166 |    88 |    31 |     3 ||  1016
       Short sword       |       |       |       |       |       |     4 |       |       |       ||     4
Throw: Stone             |    69 |    15 |       |     1 |       |       |       |       |       ||    85
       Dart              |       |     2 |    97 |   153 |     2 |       |       |       |       ||   254
       Boomerang         |       |       |       |     7 |       |       |       |       |       ||     7
       Throwing net      |       |       |       |     1 |       |       |       |       |       ||     1
 Cast: Sandblast         |    55 |    51 |    89 |    13 |       |       |       |       |       ||   208
       Stone Arrow       |       |    14 |    52 |   173 |    67 |     1 |       |       |       ||   307
       Lee's Rapid Decon |       |       |     3 |    19 |    19 |    15 |    17 |     8 |       ||    81
       Shock             |       |       |     9 |     3 |     2 |       |       |       |       ||    14
       Passwall          |       |       |       |     1 |       |       |       |       |     1 ||     2
       Irradiate         |       |       |       |     8 |    45 |    37 |    34 |    33 |    37 ||   194
       Fireball          |       |       |       |     1 |    39 |    46 |     2 |       |       ||    88
       Petrify           |       |       |       |       |     1 |       |       |       |       ||     1
       Bolt of Magma     |       |       |       |       |    54 |    62 |    12 |    38 |     2 ||   168
       Iron Shot         |       |       |       |       |   152 |   223 |    83 |    13 |       ||   471
       Ozocubu's Refrige |       |       |       |       |       |   118 |   346 |    88 |   111 ||   663
       Shatter           |       |       |       |       |       |       |     4 |     6 |     8 ||    18
       Lehudib's Crystal |       |       |       |       |       |       |       |   291 |   319 ||   610
       Orb of Destructio |       |       |       |       |       |       |       |       |     4 ||     4
Evoke: Wand              |       |       |       |       |       |     2 |       |     1 |       ||     3
       Phantom mirror    |       |       |       |       |       |       |       |     2 |     1 ||     3
  Use: Scroll            |       |       |       |    12 |    18 |     9 |     4 |     7 |     3 ||    53
       Potion            |       |       |       |       |     4 |     7 |     1 |     7 |     4 ||    23
 Stab: Sleeping          |       |       |       |       |     1 |       |       |       |       ||     1
Armor: Robe              |     1 |    37 |    51 |    39 |       |       |       |       |       ||   128
       Ring mail         |       |       |       |   113 |   420 |   102 |       |       |       ||   635
       Scale mail        |       |       |       |       |       |   205 |   280 |   218 |   125 ||   828
       Skin              |       |       |       |       |       |       |     2 |       |       ||     2
       Fire dragon scale |       |       |       |       |       |       |       |    64 |       ||    64
       Ice dragon scales |       |       |       |       |       |       |       |       |   178 ||   178
Dodge: Dodged            |     3 |    42 |   107 |   271 |   403 |   175 |   108 |   106 |    99 ||  1314
Block: Kite shield       |       |       |       |       |       |       |       |    36 |   190 ||   226
       Reflection        |       |       |       |       |       |       |       |     5 |    12 ||    17
       Rpst.: Long sword |       |       |    23 |    65 |    93 |    20 |    10 |     3 |       ||   214

Table legend: (Time is in decaauts)
 A = Elapsed time spent in this place.
 B = Non-inter-level travel time spent in this place.
 C = Inter-level travel time spent in this place.
 D = Time resting spent in this place.
 E = Time spent auto-exploring this place.
 F = Levels seen in this place.
 G = Mean time per level.
                   A        B        C        D        E       F      G
               +--------+--------+--------+--------+--------+-----+--------+
         Total |  70902 |  67603 |   3299 |   6392 |  41119 |  54 | 1313.0 |
       Dungeon |  22231 |  20771 |   1460 |   2054 |  13278 |  15 | 1482.1 |
        Temple |    150 |    150 |      0 |      0 |    122 |   1 |  150.0 |
          Lair |   7684 |   7309 |    375 |    392 |   4405 |   6 | 1280.7 |
         Swamp |   4170 |   4128 |     42 |    135 |   3212 |   4 | 1042.5 |
     Snake Pit |   4968 |   4894 |     74 |    679 |   2712 |   4 | 1242.0 |
  Orcish Mines |   2290 |   2138 |    152 |     51 |   1112 |   2 | 1145.0 |
   Elven Halls |   2107 |   2059 |     48 |    153 |   1276 |   2 | 1053.5 |
        Vaults |   9025 |   8614 |    411 |    707 |   5760 |   5 | 1805.0 |
        Depths |   8271 |   7610 |    661 |    664 |   4744 |   5 | 1654.2 |
           Zot |   8106 |   8033 |     73 |   1243 |   4360 |   5 | 1621.2 |
         Abyss |    180 |    180 |      0 |      0 |      0 |   1 |  180.0 |
        Bazaar |    290 |    290 |      0 |      0 |     71 |   2 |  145.0 |
      Ice Cave |    671 |    671 |      0 |    207 |      0 |   1 |  671.0 |
      Gauntlet |    753 |    753 |      0 |    106 |     65 |   1 |  753.0 |
               +--------+--------+--------+--------+--------+-----+--------+

Top non-repeatable levels by time:
    D:10: 2746 daAuts
Depths:5: 2238 daAuts
     D:9: 2117 daAuts
Vaults:3: 2096 daAuts
   Zot:4: 2006 daAuts
Depths:4: 1954 daAuts
Vaults:2: 1927 daAuts
     D:3: 1835 daAuts
 Snake:4: 1831 daAuts
     D:7: 1799 daAuts
   Zot:2: 1798 daAuts
Vaults:1: 1761 daAuts
     D:8: 1738 daAuts
   Zot:3: 1716 daAuts
Depths:2: 1665 daAuts
